Anaheim Ducks vs Arizona Coyotes
Created - Friday, September 6, 2024 at 07:41
Goals
|
| Anaheim Ducks |
1 |
0 |
3 |
0 |
1 |
4 |
| Arizona Coyotes |
0 |
2 |
2 |
0 |
2 |
5 |
|
Shots
|
| Anaheim Ducks |
14 |
10 |
6 |
1 |
3 |
31 |
| Arizona Coyotes |
11 |
3 |
14 |
3 |
2 |
31 |
|
1st period
1. Anaheim Ducks , Nazem Kadri 10 (Chandler Stephenson 7, Josh Manson 5) at 4:42
Penalties :
Jani Hakanpaa (AZC) for Holding Stick (Minor) at 9:23, Josh Manson (ANA) for Holding (Minor) at 18:35
2nd period
2. Arizona Coyotes , Charlie Coyle 5 (Mats Zuccarello 8) at 2:17
3. Arizona Coyotes , Charlie Coyle 6 (Mats Zuccarello 9) at 18:01 (PP)
Penalties :
Radko Gudas (AZC) for Roughing (Minor) at 3:46, Zach Parise (AZC) for Fighting (Major) at 6:34, Chandler Stephenson (ANA) for Fighting (Major) at 6:34, Brenden Dillon (ANA) for Slashing (Minor) at 17:53, Radko Gudas (AZC) for Slashing (Minor) at 19:45
3rd period
4. Anaheim Ducks , Mason Marchment 5 (Brayden Schenn 5, Mark Scheifele 12) at 10:55
5. Anaheim Ducks , Joshua Morrissey 1 (Morgan Rielly 7) at 11:35 (PP)
6. Anaheim Ducks , Brayden Schenn 7 (Esa Lindell 4, Linus Ullmark) at 12:23
7. Arizona Coyotes , Matt Dumba 1 (Ross Colton 2, Mason McTavish 8) at 13:17 (PP)
8. Arizona Coyotes , Mats Zuccarello 5 (Charlie Coyle 9) at 13:21
Penalties :
Radko Gudas (AZC) for Slashing (Minor) at 11:24, Linus Ullmark (ANA) for Slashing (Minor) at 12:39 - Morgan Rielly served the penalty, Brenden Dillon (ANA) for Goalie Interference (Minor) at 17:27
Overtime #1
No Goal
Penalties :
No Penalty
Shootout
Anaheim Ducks, Brenden Dillon - Stopped by Petr Mrazek
Arizona Coyotes, Charlie Coyle - Goal!
Anaheim Ducks, Mark Scheifele - Goal!
Arizona Coyotes, Mats Zuccarello - Goal!
Anaheim Ducks, Calle Jarnkrok - Shot Misses the Net
Penalties :
No Penalty
Goalie Stats
Linus Ullmark (ANA), 27 saves from 31 shots - (0.871), OTL, 9-4-3, 65:00 minutes
Petr Mrazek (AZC), 27 saves from 31 shots - (0.871), W, 6-3-2, 65:00 minutes
Players Stats for Anaheim Ducks
Player Name G A P +/- PIM S H SB GA TA FO MP PP MP PK MP
------------------------------------------------------------------------------------
Alex Killorn 0 0 0 -2 0 2 3 1 0 1 1/1 18:20 2:38 1:35
Alexandre Texier 0 0 0 0 0 0 3 0 0 1 0/1 10:10 0:04 1:04
Brayden Schenn 1 1 2 1 0 2 2 0 0 1 1/1 17:08 0:04 2:30
Brenden Dillon 0 0 0 2 4 0 0 0 0 1 0/0 18:19 0:00 1:40
Calle Jarnkrok 0 0 0 0 0 0 1 0 0 0 0/0 7:47 0:00 0:00
Chandler Stephenson 0 1 1 2 5 2 0 1 1 0 0/1 14:23 0:00 1:35
Esa Lindell 0 1 1 0 0 1 0 2 0 0 0/0 24:23 2:11 2:48
Ivan Provorov 0 0 0 0 0 0 1 1 1 0 0/0 23:02 2:11 2:14
J.T. Compher 0 0 0 2 0 2 0 0 2 0 2/6 16:31 0:04 2:19
John Tavares 0 0 0 -2 0 4 3 1 1 0 12/21 19:22 3:26 0:00
Josh Manson 0 1 1 1 2 0 2 0 0 1 0/0 15:35 0:00 0:00
Joshua Morrissey 1 0 1 0 0 3 1 3 1 0 0/0 24:16 3:57 0:50
Mark Scheifele 0 1 1 1 0 2 0 0 1 0 0/9 18:43 3:26 0:00
Mason Marchment 1 0 1 1 0 1 2 0 0 0 0/0 15:29 2:38 0:00
Max Domi 0 0 0 0 0 1 3 0 0 0 0/0 8:12 0:00 0:25
Morgan Rielly 0 1 1 -1 0 1 0 0 0 2 0/0 25:16 3:57 1:56
Nazem Kadri 1 0 1 2 0 6 4 0 0 1 4/6 17:57 2:38 0:00
William Nylander 0 0 0 -2 0 4 1 0 0 0 1/2 20:19 3:26 0:00
Players Stats for Arizona Coyotes
Player Name G A P +/- PIM S H SB GA TA FO MP PP MP PK MP
------------------------------------------------------------------------------------
Anthony Deangelo 0 0 0 0 0 0 1 1 1 0 0/0 22:38 0:00 3:08
Brayden McNabb 0 0 0 0 0 1 0 2 1 2 0/0 25:41 2:27 2:51
Charlie Coyle 2 1 3 1 0 4 1 1 1 2 11/17 22:13 2:11 2:46
Erik Haula 0 0 0 0 0 3 1 0 1 0 1/3 14:33 2:11 0:00
Jakob Silfverberg 0 0 0 -1 0 3 0 0 0 0 0/0 10:26 0:00 0:00
Jani Hakanpaa 0 0 0 -1 2 0 2 0 0 2 0/0 21:02 2:17 1:58
Jared Spurgeon 0 0 0 0 0 0 1 1 0 0 0/0 8:13 0:57 1:19
Kiefer Sherwood 0 0 0 0 0 3 2 0 0 0 0/0 14:47 0:22 0:14
Mark Jankowski 0 0 0 -1 0 1 2 1 0 0 2/3 10:26 0:00 0:00
Mason McTavish 0 1 1 0 0 2 3 1 1 1 6/10 22:21 2:11 3:08
Mats Zuccarello 1 2 3 1 0 2 4 0 1 0 0/1 21:37 2:11 2:46
Matt Dumba 1 0 1 -1 0 7 5 1 0 0 0/0 24:42 1:20 2:20
Ondrej Palat 0 0 0 -1 0 1 1 1 0 0 0/0 10:26 0:00 0:00
Radko Gudas 0 0 0 0 6 2 0 1 0 0 0/0 23:35 2:27 0:40
Ross Colton 0 1 1 -1 0 0 3 0 0 0 1/5 14:39 2:33 0:00
Ryan Donato 0 0 0 -1 0 1 1 1 0 0 0/0 13:12 0:22 0:00
Tyler Seguin 0 0 0 1 0 1 2 0 1 0 6/9 21:59 2:11 3:08
Zach Parise 0 0 0 -1 5 0 2 0 1 0 0/0 11:17 0:00 0:14
3 Stars
1 - Charlie Coyle (AZC)
2 - Mats Zuccarello (AZC)
3 - Nazem Kadri (ANA)
Power Play
Anaheim Ducks - 1 on 4 Attempt(s) - 25.00%
Arizona Coyotes - 2 on 4 Attempt(s) - 50.00%
Penalty Kill
Anaheim Ducks - 2 on 4 Attempt(s) - 50.00%
- Score 0 goal in Penalty Kill
Arizona Coyotes - 3 on 4 Attempt(s) - 75.00%
- Score 0 goal in Penalty Kill
Team Stat
Anaheim Ducks - Hits : 26 - Faceoff Wins : 21 - Blocked Shots : 9 - Penalty Minutes : 13
Arizona Coyotes - Hits : 31 - Faceoff Wins : 27 - Blocked Shots : 11 - Penalty Minutes : 13
Official
Referees : Justin St. Pierre and Francois St Laurent
Linesman : Unknown
Game Notes
Jared Spurgeon is injured at 1:14 of 2nd period (Right Foot)
Zach Parise beats up Chandler Stephenson at 6:34 of 2nd period
Finance
Level 1 -- Attendance: 6000 (100.00%) -- Ticket Income $558,000
Level 2 -- Attendance: 5000 (100.00%) -- Ticket Income $260,000
Level 3 -- Attendance: 2857 (95.23%) -- Ticket Income $85,710
Level 4 -- Attendance: 4703 (94.06%) -- Ticket Income $94,060
Luxury Box -- Attendance: 859 (85.90%) -- Ticket Income $165,787
Game was played at the Gila River Arena.
Total Attendance: 19419 (97.10%)
Total Ticket Income: $1,163,557
Other Income: $407,245
Total Income: $1,570,802
Anaheim Ducks
5 vs 5 Forward
Center Left Wing Right Wing Time % Phy DF OF
1 John Tavares Alex Killorn William Nylander 33 1 2 2
2 Mark Scheifele Brayden Schenn Mason Marchment 33 1 2 2
3 Nazem Kadri Chandler Stephenson J.T. Compher 31 1 2 2
4 Max Domi Calle Jarnkrok Alexandre Texier 3 1 2 2
5 vs 5 Defense
Defense Defense Time % Phy DF OF
1 Esa Lindell Joshua Morrissey 35 1 2 2
2 Morgan Rielly Ivan Provorov 35 1 2 2
3 Brenden Dillon Josh Manson 30 1 2 2
4 Esa Lindell Joshua Morrissey 0 1 2 2
PowerPlay Forward
Center Left Wing Right Wing Time % Phy DF OF
1 John Tavares Mark Scheifele William Nylander 60 1 1 3
2 Nazem Kadri Alex Killorn Mason Marchment 40 1 1 3
PowerPlay Defense
Defense Defense Time % Phy DF OF
1 Morgan Rielly Joshua Morrissey 60 1 2 2
2 Esa Lindell Ivan Provorov 40 1 2 2
Penalty Kill 4 Players Forward
Center Wing Time % Phy DF OF
1 J.T. Compher Brayden Schenn 55 1 3 1
2 Chandler Stephenson Alex Killorn 45 1 3 1
Penalty Kill 4 Players Defense
Defense Defense Time % Phy DF OF
1 Esa Lindell Ivan Provorov 50 1 3 1
2 Morgan Rielly Brenden Dillon 50 1 3 1
Penalty Kill - 3 Players Forward
Forward Time % Phy DF OF
1 J.T. Compher 50 1 4 0
2 Chandler Stephenson 50 1 4 0
Penalty Kill - 3 Players Defense
Defense Defense Time % Phy DF OF
1 Esa Lindell Ivan Provorov 50 1 4 0
2 Morgan Rielly Brenden Dillon 50 1 4 0
4 vs 4 Forward
Center Wing Time % Phy DF OF
1 John Tavares William Nylander 60 1 2 2
2 Nazem Kadri Mark Scheifele 40 1 2 2
4 vs 4 Defense
Defense Defense Time % Phy DF OF
1 Esa Lindell Morgan Rielly 50 1 2 2
2 Ivan Provorov Joshua Morrissey 50 1 2 2
Last Minutes Offensive
Center Left Wing Right Wing Defense Defense
John Tavares William Nylander Mark Scheifele Joshua Morrissey Morgan Rielly
Last Minutes Defensive
Center Left Wing Right Wing Defense Defense
Chandler Stephenson Alex Killorn J.T. Compher Ivan Provorov Esa Lindell
Goaltenders
Starting : Linus Ullmark
Backup : James Reimer
Extra Forwards
Normal : William Nylander, Mark Scheifele, Nazem Kadri - PP : William Nylander, Nazem Kadri - PK : J.T. Compher
Extra Defensemen
Normal : Esa Lindell, Brenden Dillon, Ivan Provorov - PP : Joshua Morrissey - PK : Esa Lindell, Ivan Provorov
Penalty Shots
Brenden Dillon, Mark Scheifele, Calle Jarnkrok, John Tavares, Alex Killorn
Scratches
Jakob Chychrun (Healthy)
Arizona Coyotes
5 vs 5 Forward
Center Left Wing Right Wing Time % Phy DF OF
1 Charlie Coyle Mats Zuccarello Tyler Seguin 35 1 1 3
2 Mason McTavish Erik Haula Kiefer Sherwood 30 1 1 3
3 Ross Colton Zach Parise Ryan Donato 25 1 2 2
4 Mark Jankowski Jakob Silfverberg Ondrej Palat 10 1 2 2
5 vs 5 Defense
Defense Defense Time % Phy DF OF
1 Jared Spurgeon Jani Hakanpaa 35 1 2 2
2 Radko Gudas Brayden McNabb 35 1 2 2
3 Matt Dumba Anthony Deangelo 30 1 2 2
4 Jared Spurgeon Jani Hakanpaa 0 1 2 2
PowerPlay Forward
Center Left Wing Right Wing Time % Phy DF OF
1 Charlie Coyle Mats Zuccarello Tyler Seguin 50 0 2 3
2 Mason McTavish Erik Haula Ross Colton 50 0 2 3
PowerPlay Defense
Defense Defense Time % Phy DF OF
1 Jared Spurgeon Jani Hakanpaa 50 0 2 3
2 Radko Gudas Brayden McNabb 50 0 2 3
Penalty Kill 4 Players Forward
Center Wing Time % Phy DF OF
1 Charlie Coyle Mats Zuccarello 50 1 3 1
2 Tyler Seguin Mason McTavish 50 1 3 1
Penalty Kill 4 Players Defense
Defense Defense Time % Phy DF OF
1 Jared Spurgeon Jani Hakanpaa 50 1 4 0
2 Radko Gudas Brayden McNabb 50 1 4 0
Penalty Kill - 3 Players Forward
Forward Time % Phy DF OF
1 Erik Haula 50 1 2 2
2 Mark Jankowski 50 1 2 2
Penalty Kill - 3 Players Defense
Defense Defense Time % Phy DF OF
1 Anthony Deangelo Matt Dumba 50 1 2 2
2 Radko Gudas Brayden McNabb 50 1 2 2
4 vs 4 Forward
Center Wing Time % Phy DF OF
1 Tyler Seguin Mason McTavish 55 1 2 2
2 Charlie Coyle Mats Zuccarello 45 1 2 2
4 vs 4 Defense
Defense Defense Time % Phy DF OF
1 Radko Gudas Brayden McNabb 55 1 2 2
2 Matt Dumba Anthony Deangelo 45 1 2 2
Last Minutes Offensive
Center Left Wing Right Wing Defense Defense
Charlie Coyle Mats Zuccarello Tyler Seguin Jared Spurgeon Jani Hakanpaa
Last Minutes Defensive
Center Left Wing Right Wing Defense Defense
Charlie Coyle Mats Zuccarello Tyler Seguin Jared Spurgeon Jani Hakanpaa
Goaltenders
Starting : Petr Mrazek
Backup : Carter Hart
Extra Forwards
Normal : Ross Colton, Ryan Donato, Zach Parise - PP : Ross Colton, Ryan Donato - PK : Zach Parise
Extra Defensemen
Normal : Matt Dumba, Anthony Deangelo, Radko Gudas - PP : Matt Dumba - PK : Anthony Deangelo, Radko Gudas
Penalty Shots
Charlie Coyle, Mats Zuccarello, Tyler Seguin, Mason McTavish, Erik Haula
Scratches
Jayden Struble (Healthy), Brandon Tanev (Bruised Right Shoulder Injury), Scott Reedy (Healthy), Elvis Merzlikins (Healthy)
% Time on Ice - Anaheim Ducks
Lines # - Real PCT - Wanted PCT - Time Play
Normal Forward
1 - 28% - 33% - 13:58
2 - 28% - 33% - 13:31
3 - 28% - 31% - 13:52
4 - 16% - 3% - 7:47
Normal Defense
1 - 35% - 35% - 17:12
2 - 35% - 35% - 17:00
3 - 30% - 30% - 14:56
4 - 0% - 0% - 0:00
PP Forward
1 - 57% - 60% - 3:30
2 - 43% - 40% - 2:38
PP Defense
1 - 64% - 60% - 3:57
2 - 36% - 40% - 2:11
PK Forward
1 - 67% - 55% - 3:09
2 - 33% - 45% - 1:35
PK Defense
1 - 42% - 50% - 1:58
2 - 58% - 50% - 2:46
PK3 Forward
1 - 0% - 50%
2 - 0% - 50%
PK3 Defense
1 - 0% - 50%
2 - 0% - 50%
44 Forward
1 - 80% - 60% - 3:59
2 - 20% - 40% - 1:01
44 Defense
1 - 54% - 50% - 2:43
2 - 46% - 50% - 2:17
Last Minute Offensive - 0:00
Last Minute Defensive - 0:00
Total
Forward - 65:00
Defense - 65:00
|
% Time on Ice - Arizona Coyotes
Lines # - Real PCT - Wanted PCT - Time Play
Normal Forward
1 - 31% - 35% - 15:09
2 - 25% - 30% - 12:23
3 - 23% - 25% - 11:10
4 - 21% - 10% - 10:26
Normal Defense
1 - 45% - 35% - 21:54
2 - 28% - 35% - 13:52
3 - 23% - 30% - 11:18
4 - 4% - 0% - 2:04
PP Forward
1 - 46% - 50% - 2:11
2 - 54% - 50% - 2:33
PP Defense
1 - 48% - 50% - 2:17
2 - 52% - 50% - 2:27
PK Forward
1 - 47% - 50% - 2:53
2 - 53% - 50% - 3:15
PK Defense
1 - 54% - 50% - 3:17
2 - 46% - 50% - 2:51
PK3 Forward
1 - 0% - 50%
2 - 0% - 50%
PK3 Defense
1 - 0% - 50%
2 - 0% - 50%
44 Forward
1 - 55% - 55% - 2:46
2 - 45% - 45% - 2:14
44 Defense
1 - 56% - 55% - 2:47
2 - 44% - 45% - 2:13
Last Minute Offensive - 0:00
Last Minute Defensive - 0:00
Total
Forward - 65:00
Defense - 65:00
|
Play-by-Play
1st period
0:01 of 1st period - John Tavares wins face-off versus Charlie Coyle in neutral zone.
0:26 of 1st period - Joshua Morrissey is hit by Jani Hakanpaa and loses puck.
0:44 of 1st period - Off-side.
0:45 of 1st period - Ross Colton wins face-off versus Nazem Kadri in neutral zone.
1:12 of 1st period - Wrist shot by Nazem Kadri.
1:12 of 1st period - Stopped by Petr Mrazek without a rebound.
1:13 of 1st period - Mark Jankowski wins face-off versus Mark Scheifele in Arizona Coyotes zone.
1:22 of 1st period - Mark Scheifele is hit by Matt Dumba and loses puck.
1:44 of 1st period - Snap shot by Mason McTavish.
1:44 of 1st period - Shot Misses the Net.
2:09 of 1st period - Backhand shot by Nazem Kadri.
2:09 of 1st period - Stopped by Petr Mrazek with a rebound.
2:11 of 1st period - Slapshot by Chandler Stephenson.
2:11 of 1st period - Shot Misses the Net.
2:34 of 1st period - Slapshot by Mats Zuccarello.
2:34 of 1st period - Shot Misses the Net.
2:50 of 1st period - Josh Manson is hit by Ross Colton and loses puck.
4:05 of 1st period - Snap shot by Ryan Donato.
4:05 of 1st period - Deflect By Kiefer Sherwood.
4:05 of 1st period - Shot Misses the Net.
4:05 of 1st period - Puck is out of play.
4:06 of 1st period - Mason McTavish wins face-off versus Mark Scheifele in Anaheim Ducks zone.
4:40 of 1st period - Wrist shot by Chandler Stephenson.
4:40 of 1st period - Shot Blocked by Matt Dumba.
4:42 of 1st period - Wrist shot by Nazem Kadri.
4:42 of 1st period - Goal by Nazem Kadri - Anaheim Ducks : 1 - Arizona Coyotes : 0.
4:43 of 1st period - John Tavares wins face-off versus Ross Colton in neutral zone.
4:55 of 1st period - Radko Gudas is hit by John Tavares and loses puck.
5:12 of 1st period - Nazem Kadri is hit by Mats Zuccarello and loses puck.
5:51 of 1st period - Ondrej Palat is hit by Josh Manson and loses puck.
6:30 of 1st period - Matt Dumba is hit by Nazem Kadri and loses puck.
6:39 of 1st period - J.T. Compher is hit by Matt Dumba and loses puck.
6:50 of 1st period - Slapshot by Mark Jankowski.
6:50 of 1st period - Stopped by Linus Ullmark with a rebound.
6:56 of 1st period - Wrist shot by Ondrej Palat.
6:56 of 1st period - Stopped by Linus Ullmark with a rebound.
6:58 of 1st period - Backhand shot by Ondrej Palat.
6:58 of 1st period - Shot Blocked by Esa Lindell.
7:02 of 1st period - Snap shot by Mark Jankowski.
7:02 of 1st period - Shot Blocked by Esa Lindell.
7:04 of 1st period - Slapshot by Anthony Deangelo.
7:04 of 1st period - Shot Misses the Net.
7:06 of 1st period - Snap shot by Matt Dumba.
7:06 of 1st period - Stopped by Linus Ullmark with a rebound.
7:08 of 1st period - Slapshot by Matt Dumba.
7:08 of 1st period - Stopped by Linus Ullmark with a rebound.
7:10 of 1st period - Backhand shot by Matt Dumba.
7:10 of 1st period - Stopped by Linus Ullmark with a rebound.
7:12 of 1st period - Slapshot by Matt Dumba.
7:12 of 1st period - Stopped by Linus Ullmark with a rebound.
7:14 of 1st period - Slapshot by Matt Dumba.
7:14 of 1st period - Shot Misses the Net.
7:18 of 1st period - Slapshot by Jakob Silfverberg.
7:18 of 1st period - Deflect By J.T. Compher.
7:18 of 1st period - Stopped by Linus Ullmark without a rebound.
7:19 of 1st period - Charlie Coyle wins face-off versus John Tavares in Anaheim Ducks zone.
8:07 of 1st period - Snap shot by Max Domi.
8:07 of 1st period - Shot Blocked by Ryan Donato.
8:18 of 1st period - Ivan Provorov is hit by Zach Parise and loses puck.
8:31 of 1st period - Snap shot by Max Domi.
8:31 of 1st period - Stopped by Petr Mrazek without a rebound.
8:32 of 1st period - John Tavares wins face-off versus Charlie Coyle in Arizona Coyotes zone.
8:35 of 1st period - Wrist shot by Alex Killorn.
8:35 of 1st period - Shot Misses the Net.
8:39 of 1st period - Backhand shot by William Nylander.
8:39 of 1st period - Stopped by Petr Mrazek with a rebound.
8:41 of 1st period - Slapshot by Joshua Morrissey.
8:41 of 1st period - Stopped by Petr Mrazek with a rebound.
8:43 of 1st period - Slapshot by Joshua Morrissey.
8:43 of 1st period - Shot Blocked by Charlie Coyle.
8:45 of 1st period - Snap shot by Esa Lindell.
8:45 of 1st period - Deflect By Alex Killorn.
8:45 of 1st period - Stopped by Petr Mrazek without a rebound.
8:46 of 1st period - Mason McTavish wins face-off versus Mark Scheifele in Arizona Coyotes zone.
8:51 of 1st period - Brenden Dillon is hit by Kiefer Sherwood and loses puck.
8:57 of 1st period - Icing by Brenden Dillon.
8:58 of 1st period - Charlie Coyle wins face-off versus Mark Scheifele in Anaheim Ducks zone.
9:07 of 1st period - Snap shot by Tyler Seguin.
9:07 of 1st period - Stopped by Linus Ullmark without a rebound.
9:08 of 1st period - William Nylander wins face-off versus Charlie Coyle in Anaheim Ducks zone.
9:21 of 1st period - Snap shot by William Nylander.
9:21 of 1st period - Stopped by Petr Mrazek with a rebound.
9:23 of 1st period - Minor Penalty to Jani Hakanpaa for Holding Stick.
9:24 of 1st period - John Tavares wins face-off versus Charlie Coyle in Arizona Coyotes zone.
10:23 of 1st period - Mats Zuccarello is hit by Alex Killorn and loses puck.
11:23 of 1st period - Penalty to Jani Hakanpaa is over, Jani Hakanpaa is back on ice.
11:40 of 1st period - Snap shot by Calle Jarnkrok.
11:40 of 1st period - Shot Blocked by Brayden McNabb.
12:23 of 1st period - Matt Dumba is hit by Joshua Morrissey and loses puck.
12:54 of 1st period - Morgan Rielly is hit by Jared Spurgeon and loses puck.
13:51 of 1st period - John Tavares is hit by Zach Parise and loses puck.
14:15 of 1st period - Alexandre Texier is hit by Matt Dumba and loses puck.
14:38 of 1st period - Tyler Seguin is hit by Brayden Schenn and loses puck.
15:45 of 1st period - Snap shot by John Tavares.
15:45 of 1st period - Shot Blocked by Radko Gudas.
15:47 of 1st period - Wrist shot by Morgan Rielly.
15:47 of 1st period - Stopped by Petr Mrazek without a rebound.
15:48 of 1st period - John Tavares wins face-off versus Ross Colton in Arizona Coyotes zone.
15:53 of 1st period - Wrist shot by William Nylander.
15:53 of 1st period - Stopped by Petr Mrazek with a rebound.
15:55 of 1st period - Snap shot by John Tavares.
15:55 of 1st period - Stopped by Petr Mrazek with a rebound.
15:57 of 1st period - Slapshot by Joshua Morrissey.
15:57 of 1st period - Shot Misses the Net.
15:59 of 1st period - Backhand shot by Joshua Morrissey.
15:59 of 1st period - Deflect By Zach Parise.
15:59 of 1st period - Stopped by Petr Mrazek without a rebound.
16:00 of 1st period - Charlie Coyle wins face-off versus Mark Scheifele in Arizona Coyotes zone.
16:33 of 1st period - Wrist shot by Chandler Stephenson.
16:33 of 1st period - Stopped by Petr Mrazek with a rebound.
17:13 of 1st period - Brayden McNabb is hit by Mason Marchment and loses puck.
17:22 of 1st period - Slapshot by Radko Gudas.
17:22 of 1st period - Stopped by Linus Ullmark with a rebound.
17:38 of 1st period - Snap shot by Mats Zuccarello.
17:38 of 1st period - Shot Misses the Net.
18:09 of 1st period - Slapshot by Mark Scheifele.
18:09 of 1st period - Stopped by Petr Mrazek with a rebound.
18:35 of 1st period - Minor Penalty to Josh Manson for Holding.
18:36 of 1st period - Charlie Coyle wins face-off versus Chandler Stephenson in Anaheim Ducks zone.
18:53 of 1st period - Snap shot by Mats Zuccarello.
18:53 of 1st period - Stopped by Linus Ullmark with a rebound.
19:08 of 1st period - Chandler Stephenson is hit by Mason McTavish and loses puck.
19:13 of 1st period - Wrist shot by Erik Haula.
19:13 of 1st period - Deflect By Mason McTavish.
19:13 of 1st period - Stopped by Linus Ullmark without a rebound.
19:14 of 1st period - Tyler Seguin wins face-off versus J.T. Compher in Anaheim Ducks zone.
19:23 of 1st period - Snap shot by Mats Zuccarello.
19:23 of 1st period - Shot Blocked by Ivan Provorov.
19:39 of 1st period - Radko Gudas is hit by Alex Killorn and loses puck.
Goals for this period are 1 for Anaheim Ducks vs 0 for Arizona Coyotes.
Shots for this period are 14 for Anaheim Ducks vs 11 for Arizona Coyotes.
2nd period
0:01 of 2nd period - Brayden Schenn wins face-off versus Mason McTavish in neutral zone.
0:35 of 2nd period - Penalty to Josh Manson is over, Josh Manson is back on ice.
0:50 of 2nd period - Wrist shot by Zach Parise.
0:50 of 2nd period - Shot Blocked by Alex Killorn.
1:14 of 2nd period - Slapshot by Chandler Stephenson.
1:14 of 2nd period - Deflect By Alex Killorn.
1:14 of 2nd period - Shot Blocked by Jared Spurgeon.
1:14 of 2nd period - Jared Spurgeon from Arizona Coyotes is injured at 1:14 of 2nd period (Right Foot).
1:15 of 2nd period - Charlie Coyle wins face-off versus William Nylander in Arizona Coyotes zone.
1:53 of 2nd period - Wrist shot by Charlie Coyle.
1:53 of 2nd period - Shot Misses the Net.
1:55 of 2nd period - Wrist shot by Mats Zuccarello.
1:55 of 2nd period - Shot Blocked by John Tavares.
2:17 of 2nd period - Slapshot by Charlie Coyle.
2:17 of 2nd period - Goal by Charlie Coyle - Anaheim Ducks : 1 - Arizona Coyotes : 1.
2:18 of 2nd period - Nazem Kadri wins face-off versus Mason McTavish in neutral zone.
2:21 of 2nd period - Matt Dumba is hit by Nazem Kadri and loses puck.
3:05 of 2nd period - Icing by Brayden Schenn.
3:06 of 2nd period - Mark Jankowski wins face-off versus Mark Scheifele in Anaheim Ducks zone.
3:25 of 2nd period - Wrist shot by Brayden Schenn.
3:25 of 2nd period - Stopped by Petr Mrazek without a rebound.
3:26 of 2nd period - J.T. Compher wins face-off versus Mason McTavish in Arizona Coyotes zone.
3:37 of 2nd period - Snap shot by Nazem Kadri.
3:37 of 2nd period - Stopped by Petr Mrazek with a rebound.
3:39 of 2nd period - Snap shot by Nazem Kadri.
3:39 of 2nd period - Stopped by Petr Mrazek with a rebound.
3:41 of 2nd period - Backhand shot by Chandler Stephenson.
3:41 of 2nd period - Deflect By Kiefer Sherwood.
3:41 of 2nd period - Shot Blocked by Mason McTavish.
3:41 of 2nd period - Puck is out of play.
3:42 of 2nd period - John Tavares wins face-off versus Charlie Coyle in Arizona Coyotes zone.
3:46 of 2nd period - Minor Penalty to Radko Gudas for Roughing.
3:47 of 2nd period - Charlie Coyle wins face-off versus Mark Scheifele in Arizona Coyotes zone.
3:55 of 2nd period - Wrist shot by Mark Scheifele.
3:55 of 2nd period - Shot Misses the Net.
3:57 of 2nd period - Snap shot by John Tavares.
3:57 of 2nd period - Stopped by Petr Mrazek with a rebound.
5:46 of 2nd period - Penalty to Radko Gudas is over, Radko Gudas is back on ice.
6:20 of 2nd period - Wrist shot by Jakob Silfverberg.
6:20 of 2nd period - Stopped by Linus Ullmark without a rebound.
6:21 of 2nd period - Nazem Kadri wins face-off versus Ross Colton in Anaheim Ducks zone.
6:21 of 2nd period - Nazem Kadri is hit by Ross Colton.
6:34 of 2nd period - Zach Parise beats up Chandler Stephenson.
6:34 of 2nd period - Penalty to Zach Parise for Fighting.
6:34 of 2nd period - Penalty to Chandler Stephenson for Fighting.
6:35 of 2nd period - Erik Haula wins face-off versus J.T. Compher in Arizona Coyotes zone.
7:41 of 2nd period - Wrist shot by Alex Killorn.
7:41 of 2nd period - Stopped by Petr Mrazek with a rebound.
10:06 of 2nd period - Kiefer Sherwood is hit by Max Domi and loses puck.
10:32 of 2nd period - Josh Manson is hit by Matt Dumba and loses puck.
11:37 of 2nd period - Charlie Coyle is hit by Alexandre Texier.
12:03 of 2nd period - Max Domi is hit by Kiefer Sherwood and loses puck.
12:22 of 2nd period - Mason Marchment is hit by Tyler Seguin and loses puck.
14:09 of 2nd period - Ryan Donato is hit by Max Domi and loses puck.
14:47 of 2nd period - Jani Hakanpaa is hit by Brayden Schenn and loses puck.
15:07 of 2nd period - Alex Killorn is hit by Mats Zuccarello and loses puck.
15:45 of 2nd period - Snap shot by Nazem Kadri.
15:45 of 2nd period - Shot Blocked by Mark Jankowski.
16:53 of 2nd period - Anthony Deangelo is hit by John Tavares and loses puck.
16:58 of 2nd period - Snap shot by William Nylander.
16:58 of 2nd period - Stopped by Petr Mrazek with a rebound.
17:10 of 2nd period - Radko Gudas is hit by Max Domi and loses puck.
17:53 of 2nd period - Minor Penalty to Brenden Dillon for Slashing.
17:54 of 2nd period - Charlie Coyle wins face-off versus J.T. Compher in Anaheim Ducks zone.
18:01 of 2nd period - Wrist shot by Charlie Coyle.
18:01 of 2nd period - Goal by Charlie Coyle - Anaheim Ducks : 1 - Arizona Coyotes : 2.
18:02 of 2nd period - John Tavares wins face-off versus Erik Haula in neutral zone.
18:05 of 2nd period - Radko Gudas is hit by John Tavares and loses puck.
18:51 of 2nd period - Anthony Deangelo is hit by Ivan Provorov and loses puck.
19:17 of 2nd period - Icing by Anthony Deangelo.
19:18 of 2nd period - Nazem Kadri wins face-off versus Mark Jankowski in Arizona Coyotes zone.
19:21 of 2nd period - Snap shot by J.T. Compher.
19:21 of 2nd period - Deflect By Nazem Kadri.
19:21 of 2nd period - Shot Misses the Net.
19:21 of 2nd period - Puck is out of play.
19:22 of 2nd period - Mason McTavish wins face-off versus Nazem Kadri in Arizona Coyotes zone.
19:27 of 2nd period - Slapshot by Mason McTavish.
19:27 of 2nd period - Shot Blocked by Joshua Morrissey.
19:35 of 2nd period - Snap shot by Nazem Kadri.
19:35 of 2nd period - Stopped by Petr Mrazek with a rebound.
19:37 of 2nd period - Snap shot by J.T. Compher.
19:37 of 2nd period - Stopped by Petr Mrazek with a rebound.
19:39 of 2nd period - Wrist shot by Esa Lindell.
19:39 of 2nd period - Deflect By Mason McTavish.
19:39 of 2nd period - Stopped by Petr Mrazek with a rebound.
19:45 of 2nd period - Minor Penalty to Radko Gudas for Slashing.
19:46 of 2nd period - John Tavares wins face-off versus Mats Zuccarello in Arizona Coyotes zone.
19:57 of 2nd period - Snap shot by William Nylander.
19:57 of 2nd period - Shot Misses the Net.
19:59 of 2nd period - Snap shot by John Tavares.
19:59 of 2nd period - Stopped by Petr Mrazek with a rebound.
Goals for this period are 0 for Anaheim Ducks vs 2 for Arizona Coyotes.
Shots for this period are 10 for Anaheim Ducks vs 3 for Arizona Coyotes.
3rd period
0:01 of 3rd period - John Tavares wins face-off versus Tyler Seguin in neutral zone.
0:05 of 3rd period - Off-side.
0:06 of 3rd period - Tyler Seguin wins face-off versus Mark Scheifele in neutral zone.
1:02 of 3rd period - Mark Scheifele is hit by Mats Zuccarello and loses puck.
1:45 of 3rd period - Penalty to Radko Gudas is over, Radko Gudas is back on ice.
1:57 of 3rd period - Snap shot by Jakob Silfverberg.
1:57 of 3rd period - Stopped by Linus Ullmark with a rebound.
2:50 of 3rd period - Chandler Stephenson is hit by Ondrej Palat and loses puck.
3:14 of 3rd period - William Nylander is hit by Erik Haula and loses puck.
3:43 of 3rd period - Brayden Schenn is hit by Anthony Deangelo and loses puck.
4:03 of 3rd period - Nazem Kadri is hit by Charlie Coyle.
4:17 of 3rd period - Alexandre Texier is hit by Jani Hakanpaa and loses puck.
4:26 of 3rd period - Mark Jankowski is hit by Alexandre Texier and loses puck.
5:18 of 3rd period - J.T. Compher is hit by Matt Dumba.
5:31 of 3rd period - Anthony Deangelo is hit by Nazem Kadri and loses puck.
5:44 of 3rd period - Alex Killorn is hit by Tyler Seguin and loses puck.
6:01 of 3rd period - Erik Haula is hit by Calle Jarnkrok and loses puck.
6:36 of 3rd period - Alex Killorn is hit by Mats Zuccarello and loses puck.
6:53 of 3rd period - Ross Colton is hit by Nazem Kadri and loses puck.
7:08 of 3rd period - Ivan Provorov is hit by Mason McTavish and loses puck.
7:34 of 3rd period - Brayden Schenn is hit by Mark Jankowski and loses puck.
8:43 of 3rd period - Alexandre Texier is hit by Mark Jankowski and loses puck.
9:22 of 3rd period - Snap shot by Chandler Stephenson.
9:22 of 3rd period - Stopped by Petr Mrazek with a rebound.
10:12 of 3rd period - Charlie Coyle is hit by Alex Killorn and loses puck.
10:19 of 3rd period - Wrist shot by John Tavares.
10:19 of 3rd period - Shot Misses the Net.
10:38 of 3rd period - Chandler Stephenson is hit by Mason McTavish and loses puck.
10:53 of 3rd period - Wrist shot by Brayden Schenn.
10:53 of 3rd period - Shot Misses the Net.
10:55 of 3rd period - Wrist shot by Mason Marchment.
10:55 of 3rd period - Goal by Mason Marchment - Anaheim Ducks : 2 - Arizona Coyotes : 2.
10:56 of 3rd period - Charlie Coyle wins face-off versus John Tavares in neutral zone.
11:24 of 3rd period - Minor Penalty to Radko Gudas for Slashing.
11:25 of 3rd period - Tyler Seguin wins face-off versus John Tavares in Arizona Coyotes zone.
11:35 of 3rd period - Slapshot by Joshua Morrissey.
11:35 of 3rd period - Goal by Joshua Morrissey - Anaheim Ducks : 3 - Arizona Coyotes : 2.
11:36 of 3rd period - Mason McTavish wins face-off versus John Tavares in neutral zone.
12:23 of 3rd period - Snap shot by Brayden Schenn.
12:23 of 3rd period - Goal by Brayden Schenn - Anaheim Ducks : 4 - Arizona Coyotes : 2.
12:24 of 3rd period - Mason McTavish wins face-off versus John Tavares in neutral zone.
12:39 of 3rd period - Snap shot by Mason McTavish.
12:39 of 3rd period - Stopped by Linus Ullmark without a rebound.
12:39 of 3rd period - Minor Penalty to Linus Ullmark for Slashing.
12:40 of 3rd period - Mason McTavish wins face-off versus J.T. Compher in Anaheim Ducks zone.
12:41 of 3rd period - Wrist shot by Erik Haula.
12:41 of 3rd period - Stopped by Linus Ullmark with a rebound.
12:43 of 3rd period - Snap shot by Mason McTavish.
12:43 of 3rd period - Shot Misses the Net.
12:45 of 3rd period - Backhand shot by Matt Dumba.
12:45 of 3rd period - Stopped by Linus Ullmark with a rebound.
12:47 of 3rd period - Slapshot by Matt Dumba.
12:47 of 3rd period - Shot Misses the Net.
12:49 of 3rd period - Snap shot by Erik Haula.
12:49 of 3rd period - Stopped by Linus Ullmark without a rebound.
12:50 of 3rd period - J.T. Compher wins face-off versus Mason McTavish in Anaheim Ducks zone.
13:15 of 3rd period - Wrist shot by Ross Colton.
13:15 of 3rd period - Shot Misses the Net.
13:17 of 3rd period - Slapshot by Matt Dumba.
13:17 of 3rd period - Goal by Matt Dumba - Anaheim Ducks : 4 - Arizona Coyotes : 3.
13:18 of 3rd period - Charlie Coyle wins face-off versus John Tavares in neutral zone.
13:21 of 3rd period - Snap shot by Mats Zuccarello.
13:21 of 3rd period - Goal by Mats Zuccarello - Anaheim Ducks : 4 - Arizona Coyotes : 4.
13:22 of 3rd period - John Tavares wins face-off versus Charlie Coyle in neutral zone.
13:35 of 3rd period - Snap shot by John Tavares.
13:35 of 3rd period - Shot Blocked by Anthony Deangelo.
14:12 of 3rd period - Wrist shot by Kiefer Sherwood.
14:12 of 3rd period - Shot Misses the Net.
14:14 of 3rd period - Slapshot by Matt Dumba.
14:14 of 3rd period - Shot Misses the Net.
14:16 of 3rd period - Slapshot by Matt Dumba.
14:16 of 3rd period - Stopped by Linus Ullmark with a rebound.
14:18 of 3rd period - Slapshot by Matt Dumba.
14:18 of 3rd period - Shot Blocked by Joshua Morrissey.
14:20 of 3rd period - Snap shot by Ryan Donato.
14:20 of 3rd period - Stopped by Linus Ullmark with a rebound.
14:30 of 3rd period - Mark Jankowski is hit by Alexandre Texier and loses puck.
14:37 of 3rd period - Slapshot by Joshua Morrissey.
14:37 of 3rd period - Shot Blocked by Ondrej Palat.
14:39 of 3rd period - Slapshot by Joshua Morrissey.
14:39 of 3rd period - Shot Blocked by Brayden McNabb.
14:41 of 3rd period - Slapshot by Joshua Morrissey.
14:41 of 3rd period - Deflect By Calle Jarnkrok.
14:41 of 3rd period - Shot Misses the Net.
14:41 of 3rd period - Puck is out of play.
14:42 of 3rd period - Charlie Coyle wins face-off versus John Tavares in Arizona Coyotes zone.
15:09 of 3rd period - Tyler Seguin is hit by Mason Marchment and loses puck.
15:35 of 3rd period - Slapshot by J.T. Compher.
15:35 of 3rd period - Stopped by Petr Mrazek with a rebound.
15:37 of 3rd period - Slapshot by Brenden Dillon.
15:37 of 3rd period - Shot Misses the Net.
15:53 of 3rd period - Wrist shot by John Tavares.
15:53 of 3rd period - Stopped by Petr Mrazek without a rebound.
15:54 of 3rd period - Alex Killorn wins face-off versus Ross Colton in Arizona Coyotes zone.
16:03 of 3rd period - Snap shot by William Nylander.
16:03 of 3rd period - Shot Misses the Net.
16:19 of 3rd period - Snap shot by Mason McTavish.
16:19 of 3rd period - Shot Misses the Net.
16:21 of 3rd period - Wrist shot by Kiefer Sherwood.
16:21 of 3rd period - Shot Misses the Net.
16:25 of 3rd period - Wrist shot by Erik Haula.
16:25 of 3rd period - Stopped by Linus Ullmark without a rebound.
16:26 of 3rd period - Nazem Kadri wins face-off versus Erik Haula in Anaheim Ducks zone.
16:31 of 3rd period - Snap shot by Kiefer Sherwood.
16:31 of 3rd period - Stopped by Linus Ullmark with a rebound.
16:33 of 3rd period - Snap shot by Kiefer Sherwood.
16:33 of 3rd period - Stopped by Linus Ullmark with a rebound.
16:49 of 3rd period - Erik Haula is hit by Josh Manson and loses puck.
16:56 of 3rd period - Snap shot by Jani Hakanpaa.
16:56 of 3rd period - Shot Blocked by Chandler Stephenson.
16:58 of 3rd period - Wrist shot by Kiefer Sherwood.
16:58 of 3rd period - Stopped by Linus Ullmark with a rebound.
17:16 of 3rd period - Slapshot by Nazem Kadri.
17:16 of 3rd period - Shot Misses the Net.
17:27 of 3rd period - Minor Penalty to Brenden Dillon for Goalie Interference.
17:28 of 3rd period - Charlie Coyle wins face-off versus Alexandre Texier in Anaheim Ducks zone.
17:45 of 3rd period - Wrist shot by Charlie Coyle.
17:45 of 3rd period - Stopped by Linus Ullmark with a rebound.
18:36 of 3rd period - Slapshot by Joshua Morrissey.
18:36 of 3rd period - Shot Misses the Net.
19:27 of 3rd period - Penalty to Brenden Dillon is over, Brenden Dillon is back on ice.
Goals for this period are 3 for Anaheim Ducks vs 2 for Arizona Coyotes.
Shots for this period are 6 for Anaheim Ducks vs 14 for Arizona Coyotes.
Overtime #1
0:01 of 1st overtime period - Tyler Seguin wins face-off versus John Tavares in neutral zone.
0:04 of 1st overtime period - Slapshot by Radko Gudas.
0:04 of 1st overtime period - Stopped by Linus Ullmark with a rebound.
0:10 of 1st overtime period - Backhand shot by Mason McTavish.
0:10 of 1st overtime period - Shot Misses the Net.
0:12 of 1st overtime period - Slapshot by Brayden McNabb.
0:12 of 1st overtime period - Stopped by Linus Ullmark with a rebound.
0:49 of 1st overtime period - Icing by Matt Dumba.
0:50 of 1st overtime period - Tyler Seguin wins face-off versus Mark Scheifele in Arizona Coyotes zone.
1:17 of 1st overtime period - Radko Gudas is hit by William Nylander and loses puck.
1:42 of 1st overtime period - Slapshot by Nazem Kadri.
1:42 of 1st overtime period - Shot Misses the Net.
2:20 of 1st overtime period - Wrist shot by Charlie Coyle.
2:20 of 1st overtime period - Stopped by Linus Ullmark without a rebound.
2:21 of 1st overtime period - Tyler Seguin wins face-off versus John Tavares in Anaheim Ducks zone.
2:53 of 1st overtime period - Icing by Mason McTavish.
2:54 of 1st overtime period - John Tavares wins face-off versus Tyler Seguin in Arizona Coyotes zone.
3:35 of 1st overtime period - Joshua Morrissey is hit by Ryan Donato and loses puck.
3:42 of 1st overtime period - Backhand shot by Ross Colton.
3:42 of 1st overtime period - Shot Misses the Net.
3:44 of 1st overtime period - Slapshot by Matt Dumba.
3:44 of 1st overtime period - Shot Misses the Net.
3:46 of 1st overtime period - Snap shot by Brayden McNabb.
3:46 of 1st overtime period - Shot Blocked by Joshua Morrissey.
4:22 of 1st overtime period - John Tavares is hit by Ross Colton and loses puck.
4:30 of 1st overtime period - Icing by Esa Lindell.
4:31 of 1st overtime period - John Tavares wins face-off versus Tyler Seguin in Anaheim Ducks zone.
4:50 of 1st overtime period - Wrist shot by Mark Scheifele.
4:50 of 1st overtime period - Stopped by Petr Mrazek with a rebound.
Goals for this period are 0 for Anaheim Ducks vs 0 for Arizona Coyotes.
Shots for this period are 1 for Anaheim Ducks vs 3 for Arizona Coyotes.
ShootOut
5:00 of 1st overtime period - Round #1.
5:00 of 1st overtime period - Anaheim Ducks, Brenden Dillon.
5:00 of 1st overtime period - Wrist shot by Brenden Dillon.
5:00 of 1st overtime period - Stopped by Petr Mrazek.
5:00 of 1st overtime period - Arizona Coyotes, Charlie Coyle.
5:00 of 1st overtime period - Backhand shot by Charlie Coyle.
5:00 of 1st overtime period - Goal by Charlie Coyle.
5:00 of 1st overtime period - Round #2.
5:00 of 1st overtime period - Anaheim Ducks, Mark Scheifele.
5:00 of 1st overtime period - Backhand shot by Mark Scheifele.
5:00 of 1st overtime period - Goal by Mark Scheifele.
5:00 of 1st overtime period - Arizona Coyotes, Mats Zuccarello.
5:00 of 1st overtime period - Deke by Mats Zuccarello.
5:00 of 1st overtime period - Goal by Mats Zuccarello.
5:00 of 1st overtime period - Round #3.
5:00 of 1st overtime period - Anaheim Ducks, Calle Jarnkrok.
5:00 of 1st overtime period - Snap shot by Calle Jarnkrok.
5:00 of 1st overtime period - Shot Misses the Net.
Back to the Top